 Dungeon Crawl Stone Soup version 0.18.1-5-g4a78601 (webtiles) character file.

13 varam the Ogre Mage (level 2, 27/27 HPs)
             Began as an Ogre Wizard on May 9, 2016.
             Quit the game on level 1 of the Dungeon.
             The game lasted 00:03:05 (922 turns).

varam the Ogre Mage (Ogre Wizard)                    Turns: 922, Time: 00:03:05

Health: 27/27      AC:  3    Str: 11    XL:     2   Next: 37%
Magic:  6/7        EV:  9    Int: 17    God:
Gold:   84         SH:  0    Dex:  8    Spells: 1 memorised, 8 levels left

rFire  . . .     SeeInvis .     k - +0 whip
rCold  . . .     Gourm    .     a - +0 robe
rNeg   . . .     Faith    .     (no shield)
rPois  .         Spirit   .     b - +0 hat
rElec  .         Dismiss  .     (no cloak)
rCorr  .         Reflect  .     (gloves unavailable)
SustAt .         Harm     .     (boots unavailable)
MR     .....                    (no amulet)
Stlth  +.........               (no ring)
                                (no ring)

@: not resistant to hostile enchantments, very unstealthy
A: unfitting armour, tough skin 1
a: no special abilities


You were on level 1 of the Dungeon.
You were not hungry.

You visited 1 branch of the dungeon, and saw 1 of its levels.

You collected 84 gold pieces.

Inventory:

Hand Weapons
 k - a +0 whip (weapon)
Armour
 a - a +0 robe (worn)
 b - a +0 hat (worn)
Jewellery
 i - a +4 ring of dexterity {unknown}
Scrolls
 e - a scroll of remove curse {unknown}
 h - a scroll of identify {unknown}
Potions
 f - a potion of resistance {unknown}
 g - a potion of agility {unknown}
Books
 c - a book of Minor Magic

   Spells                             Type                      Level
   a - Magic Dart                     Conjuration                  1
   b - Blink                          Translocation                2
   c - Call Imp                       Summoning                    2
   d - Repel Missiles                 Charms/Air                   2
   e - Slow                           Hexes                        2
   f - Conjure Flame                  Conjuration/Fire             3
   g - Mephitic Cloud                 Conjuration/Poison/Air       3
Comestibles
 d - a bread ration
 j - a meat ration


   Skills:
 * Level 1.0 Fighting
 + Level 0.3 Maces & Flails
 - Level 1.7 Dodging
 - Level 1.5 Stealth
 + Level 4.2 Spellcasting
 - Level 0.6 Conjurations
   Level 0.6 Summonings
   Level 0.6 Translocations


You had 8 spell levels left.
You knew the following spells:

 Your Spells              Type           Power        Failure   Level  Hunger
a - Magic Dart            Conj           #...         14%         1    None


Dungeon Overview and Level Annotations

Branches:
Dungeon (1/15)

Altars:


Innate Abilities, Weirdness & Mutations

You are too large for most types of armour.
You have tough skin (AC +1).


Message History

You see here a giant newt corpse.
Your magical contamination has completely faded away.
Magic restored.
You see here a giant newt corpse.
There is an open door here.
You see here 23 stones.
You now have 72 gold pieces (gained 2).
You now have 84 gold pieces (gained 12).
A giant cockroach comes into view.
Found an escape hatch in the floor.
A giant cockroach is nearby!
Casting: Magic Dart
Confirm with . or Enter, or press ? or * to list all spells.
Aiming: Magic Dart
Press: ? - help, Shift-Dir - straight line, f - giant cockroach
Aim: a giant cockroach (resting)
The magic dart hits the giant cockroach.
The giant cockroach is severely wounded.
Unknown command.
Are you sure you want to abandon this character and quit the game? (Confirm with "yes".)

#### ....>....
#.........# ###
...s.....# #..
#........# #..
#........# #..
#......[.# #..
####........# #..
#...@.......#######..
#....................
#....####...........#
#....####(..........#
#...................#
#...............(...#
#...................#
####......)(...######
#...........'.# ##


You could see a giant cockroach.

Vanquished Creatures
  2 bats (D:1)
  2 goblins (D:1)
  A hobgoblin (D:1)
  A giant newt (D:1)
  6 kobolds (D:1)
12 creatures vanquished.

Notes
Turn   | Place    | Note
--------------------------------------------------------------
     0 | D:1      | varam the Ogre Wizard began the quest for the Orb.
     0 | D:1      | Reached XP level 1. HP: 16/16 MP: 5/5
   333 | D:1      | Reached skill level 1 in Fighting
   333 | D:1      | Reached skill level 4 in Spellcasting
   333 | D:1      | Reached XP level 2. HP: 17/27 MP: 4/7
   388 | D:1      | HP: 1/27 [kobold/short sword (2)]
   922 | D:1      | Quit the game

Skill      XL: |  1 |
---------------+----+-----
Fighting       | 1 |  1.0
Spellcasting   | 4 |  4.2
Maces & Flails | |  0.3
Dodging        | |  1.7
Stealth        | |  1.5
Conjurations   | |  0.6
Summonings     | |  0.6
Translocations | |  0.6

Action                   || total
-------------------------++-------
Melee: Club              ||    24
       Unarmed           ||    11
       Whip              ||    19
 Cast: Magic Dart        ||    12
 Stab: Sleeping          ||     1
Armor: Robe              ||    16
Dodge: Dodged            ||    27
